 Dungeon Crawl Stone Soup version 0.28.0-53-g5a82cb258f (webtiles) character file.

Game seed: 16067191864665691747

30 MiltankisOP the Gusty (level 3, -5/26 HPs)
             Began as a Draconian Air Elementalist on June 17, 2022.
             Slain by Crazy Yiuf
             ... wielding a +2 quarterstaff of chaos
              (7 damage)
             ... on level 2 of the Dungeon.
             The game lasted 00:03:06 (1393 turns).

MiltankisOP the Gusty (Draconian Air Elementalist)  Turns: 1393, Time: 00:03:07

Health: -5/26      AC:  5    Str: 10    XL:     3   Next: 5%
Magic:  1/6        EV: 12    Int: 17    God:
Gold:   59         SH:  0    Dex: 11    Spells: 5/6 levels left

rFire   . . .      SeeInvis .   h - +1 mace (holy)
rCold   . . .      Faith    .   (no shield)
rNeg    . . .      Spirit   .   (armour unavailable)
rPois   .          Reflect  .   (helmet restricted)
rElec   .          Harm     .   (no cloak)
rCorr   .          Rampage  .   (no gloves)
Will    .....                   (no boots)
Stlth   ++........              (no amulet)
HPRegen 0.08/turn               (no ring)
MPRegen 0.10/turn               (no ring)

@: lethally poisoned (-5 -> -8), invisible
A: AC +5, unfitting armour, cold-blooded
a: no special abilities


You were on level 2 of the Dungeon.
You visited 1 branch of the dungeon, and saw 2 of its levels.

You collected 59 gold pieces.

Inventory:

Hand Weapons
 h - a +1 mace of holy wrath (weapon)
Scrolls
 b - a scroll of immolation {unknown}
 c - a scroll of amnesia {unknown}
 d - 3 scrolls of identify {unknown}
Potions
 a - 3 potions of curing {unknown}
 e - a potion of magic {unknown}
 f - a potion of cancellation {unknown}


   Skills:
 - Level 1.7 Dodging
 - Level 1.7 Stealth
 - Level 2.0 Spellcasting
 + Level 1.3 Conjurations
 - Level 4.1 Air Magic


You had 5 spell levels left.
You knew the following spells:

 Your Spells              Type           Power      Damage    Failure   Level
a - Shock                 Conj/Air       40%        1d5       6%          1

Your spell library contained the following spells:

 Spells                   Type           Power      Damage    Failure   Level
 Static Discharge         Conj/Air       10%        N/A       10%         2
 Swiftness                Air            15%        N/A       11%         3
 Airstrike                Air            7%         N/A       34%         4


Dungeon Overview and Level Annotations

Branches:
Dungeon (2/15)

Altars:

Annotations:
D:2 Crazy Yiuf


Innate Abilities, Weirdness & Mutations

Your plain brown scales are hard. (AC +5)
You cannot fit into any form of body armour.
You are cold-blooded and may be slowed by cold attacks.


Message History

Crazy Yiuf is severely wounded.
Crazy Yiuf hits you with a +2 quarterstaff of chaos.
You feel yourself slow down. Crazy Yiuf freezes you.
* * * LOW HITPOINT WARNING * * *
Casting: Shock (safe; 6% risk of failure)
Confirm with . or Enter, or press ? or * to list all spells.
Aiming: Shock (safe; 6% risk of failure)
Press: ? - help, Shift-Dir - straight line The zap hits Crazy Yiuf.
Crazy Yiuf is almost dead.
The zap misses Crazy Yiuf.
Crazy Yiuf hits you with a +2 quarterstaff of chaos.
* * * LOW HITPOINT WARNING * * *
You are lethally poisoned!
Crazy Yiuf hits you with a +2 quarterstaff of chaos.
* * * LOW HITPOINT WARNING * * *
You feel as though you will be slow longer.
Crazy Yiuf freezes you.
* * * LOW HITPOINT WARNING * * *
You feel much better.
You feel very sick.
Crazy Yiuf hits you with a +2 quarterstaff of chaos.
Crazy Yiuf draws strength from your wounds!
Casting: Shock (safe; 6% risk of failure)
Confirm with . or Enter, or press ? or * to list all spells.
You don't have enough magic to cast this spell.
You completely miss Crazy Yiuf.
Crazy Yiuf is severely wounded.
You feel yourself speed up.
You feel very sick. Crazy Yiuf barely misses you.
Crazy Yiuf hits you with a +2 quarterstaff of chaos!
* * * LOW HITPOINT WARNING * * *
You fade into invisibility!
You hit Crazy Yiuf but do no damage.
Crazy Yiuf is severely wounded.
* * * LOW HITPOINT WARNING * * *
You feel sick.
Crazy Yiuf hits you with a +2 quarterstaff of chaos!
You die...

################
#..............#
#.############.#
#.# #.# ##### #.#
#.# ####...##
#.####
#.####.......##
#....#
#.@g..####....#
####.# #######
#....# #.# ♣....♣
#.# .# ♣♣..)♣ #.#
#.# ♣♣)♣♣ #.# #)#
♣♣)♣ #.# #.# ♣)♣♣
####.#####.###
♣♣)♣
#............#####
♣.♣♣


You could see Crazy Yiuf.

Vanquished Creatures
  A dart slug (D:1)
  3 ball pythons (D:1)
  A bat (D:1)
  3 endoplasms
  2 giant cockroaches (D:1)
  2 hobgoblins (D:1)
  3 jackals (D:1)
  A kobold (D:2)
  2 quokkas
  2 frilled lizards (D:1)
  2 goblins (D:1)
  3 rats
25 creatures vanquished.

Notes
Turn   | Place    | Note
-------+----------+-------------------------------------------
     0 | D:1      | MiltankisOP the Draconian Air Elementalist began the quest
                  | for the Orb.
     0 | D:1      | Reached XP level 1. HP: 14/14 MP: 3/3
   291 | D:1      | Reached XP level 2. HP: 11/20 MP: 1/5
   491 | D:1      | Found a faded altar of an unknown god.
   834 | D:1      | Reached skill level 4 in Air Magic
  1159 | D:2      | Reached XP level 3. HP: 26/26 MP: 1/6
  1360 | D:2      | Found a runed translucent door.
  1361 | D:2      | Noticed Crazy Yiuf
  1390 | D:2      | HP: 1/26 [Crazy Yiuf/+2 quarterstaff of chaos (1)]
  1393 | D:2      | Slain by Crazy Yiuf

Illustrated notes

Levels and vault maps discovered:
D:1:      mrwooster_arrival_statue, layout_loops_ring,
          hellmonk_ecumenical_altar_heavens_door, minmay_hexomino_c4
D:2:      layout_loops_ring, uniq_crazy_yiuf_cottage, uniq_sigmund

Skill      XL: |  1  2 |
---------------+-------+-----
Air Magic      | 4 |  4.1
Dodging        | |  1.7
Stealth        | |  1.7
Spellcasting   | |  2.0
Conjurations   | |  1.3

Action                   || total
-------------------------++-------
Melee: Unarmed           ||     1
       Mace              ||     2
 Cast: Shock             ||    44
  Use: Potion            ||     1
Armor: Skin              ||     5
Dodge: Dodged            ||    21
